 Dungeon Crawl Stone Soup version 0.29-a0-1065-g47a6bb87d6 (webtiles) character file.

Game seed: 2654407030605400451

25 SensoryNuts the Ducker (level 2, 0/22 HPs)
             Began as a Vampire Gladiator on Aug 19, 2022.
             Succumbed to a kobold's poison
             ... on level 2 of the Dungeon.
             The game lasted 00:00:38 (673 turns).

SensoryNuts the Ducker (Vampire Gladiator)           Turns: 673, Time: 00:00:39

Health: 0/22       AC:  4    Str: 13    XL:     2   Next: 82%
Magic:  2/2        EV: 13    Int: 10    God:
Gold:   87         SH:  0    Dex: 15    Spells: 1/1 levels left

rFire   . . .      SeeInvis +   a - +0 rapier
rCold   . . .      Faith    .   (no shield)
rNeg    . . .      Spirit   .   b - +0 leather armour
rPois   .          Reflect  .   c - +0 helmet
rElec   .          Harm     .   (no cloak)
rCorr   .          Rampage  .   (no gloves)
Will    .....                   (no boots)
Stlth   +.........              (no amulet)
HPRegen 0.27/turn               (no ring)
MPRegen 0.08/turn               (no ring)

@: lethally poisoned (0 -> -11), healing quickly
A: alive, fangs 3, see invisible, vampiric 1
a: Exsanguinate


You were on level 2 of the Dungeon.
You visited 1 branch of the dungeon, and saw 2 of its levels.

You collected 87 gold pieces.

Inventory:

Hand Weapons
 a - a +0 rapier (weapon)
Missiles
 d - 3 throwing nets (quivered)
 e - a javelin
Armour
 b - a +0 leather armour (worn)
 c - a +0 helmet (worn)
Jewellery
 h - a ring of protection from fire
Scrolls
 g - a scroll of magic mapping {unknown}
 i - a scroll of fog {unknown}
Potions
 f - a potion of heal wounds {unknown}
 j - a potion of flight {unknown}
 k - a potion of lignification {unknown}


   Skills:
 + Level 2.0 Fighting
 + Level 3.7 Short Blades
 + Level 1.6 Throwing
 + Level 0.1 Armour
 + Level 3.8 Dodging
 + Level 0.4 Stealth


You had one spell level left.
You didn't know any spells.
Your spell library contained the following spells:

 Spells                   Type           Power      Damage    Failure   Level
 Apportation              Tloc           0%         N/A       43%         1
 Necrotise                Necr           0%         1d4       43%         1
 Summon Small Mammal      Summ           0%         N/A       43%         1
 Alistair's Intoxication  Tmut/Pois      0%         N/A       100%        5


Dungeon Overview and Level Annotations

Branches:
Dungeon (2/15)

Altars:


Innate Abilities, Weirdness & Mutations

Your natural rate of healing is accelerated.
You have razor-sharp teeth.
You have supernaturally acute eyesight. (SInv)
You are afflicted with vampirism.


Message History

You hit the kobold.
You kill the kobold!
The kobold hits you with a +0 whip. The kobold closely misses you.
You hit the kobold but do no damage. The kobold closely misses you. x3
You hit the kobold.
The kobold is severely wounded.
The kobold misses you. The kobold completely misses you.
The kobold hits you but does no damage.
You barely miss the kobold. You punch the kobold.
You kill the kobold!
The kobold hits you with a +2 dagger of venom.
You are poisoned.
The kobold misses you.
Your Fighting skill increases to level 2!
You hit the kobold but do no damage.
You feel sick. The kobold barely misses you.
The kobold hits you with a +0 dagger. The kobold barely misses you.
You hit the kobold.
You kill the kobold!
You feel sick.
The kobold hits you but does no damage. x2
You are lethally poisoned!
You hit the worm.
The worm is moderately wounded.
You feel very sick. The kobold closely misses you.
The kobold barely misses you.
You are too injured to fight recklessly!
You are too injured to fight recklessly!
You are too injured to fight recklessly!
You are too injured to fight recklessly!
You are too injured to fight recklessly!
You are too injured to fight recklessly!
You are too injured to fight recklessly!
Unknown command.
You feel sick. The kobold hits you with a +0 whip.
The kobold hits you with a +2 dagger of venom.
* * * LOW HITPOINT WARNING * * *
You are more poisoned.
* * * LOW HITPOINT WARNING * * *
You feel very sick.
You die...

#..... #..... ..
.##..... ..###.#
#.... ###
......# #...
##). ......#
##'''###.##
......#
#...K)K...######
......#
#.#.K.@.......
....†.#
#.K.w...######
#.#...#
####...##
....<.#
#####.#######
###..##
#............
#..#
#.###.#######
#..######.# #.#
#.........# #.#
##.##########.#


You could see a worm and 4 kobolds.

Vanquished Creatures
  An endoplasm (D:1)
  3 goblins (D:1)
  3 hobgoblins (D:1)
  2 quokkas (D:1)
  2 ball pythons (D:1)
  A bat (D:1)
  2 frilled lizards
  4 kobolds
  6 rats (D:1)
24 creatures vanquished.

Notes
Turn   | Place    | Note
-------+----------+-------------------------------------------
     0 | D:1      | SensoryNuts the Vampire Gladiator began the quest for the
                  | Orb.
     0 | D:1      | Reached XP level 1. HP: 16/16 MP: 1/1
   160 | D:1      | Reached XP level 2. HP: 15/22 MP: 2/2
   673 | D:2      | Succumbed to a kobold's poison

Illustrated notes

Levels and vault maps discovered:
D:1:      dpeg_arrival_ratfight, layout_rooms
D:2:      cheibrodos_fertilizer, layout_loops_ring, uniq_robin

Skill      XL: |  1  2 |
---------------+-------+-----
Fighting       | 2 |  2.0
Short Blades   | |  3.7
Throwing       | |  1.6
Armour         | |  0.1
Dodging        | |  3.8
Stealth        | |  0.4

Action                   || total
-------------------------++-------
Melee: Rapier            ||    82
       Punch             ||     3
       Bite              ||     4
 Stab: Sleeping          ||     1
Armor: Leather armour    ||    25
Dodge: Dodged            ||    73

Table legend: (Time is in decaauts)
 A = Elapsed time spent in this place.
 B = Non-inter-level travel time spent in this place.
 C = Inter-level travel time spent in this place.
 D = Time resting spent in this place.
 E = Time spent auto-exploring this place.
 F = Levels seen in this place.
 G = Mean time per level.
                   A        B        C        D        E       F      G
               +--------+--------+--------+--------+--------+-----+--------+
         Total |    674 |    538 |    136 |      0 |    384 |   2 |  337.0 |
       Dungeon |    674 |    538 |    136 |      0 |    384 |   2 |  337.0 |
               +--------+--------+--------+--------+--------+-----+--------+

Top non-repeatable levels by time:
     D:1: 628 daAuts
     D:2: 45 daAuts
